 Dungeon Crawl Stone Soup version 0.29-a0-338-g1ff7896281 (webtiles) character file.

Game seed: 13044600763311118068

3081 bande the Cleaver (level 9, -2/55 HPs)
             Began as a Gargoyle Fighter on Apr 18, 2022.
             Was an Elder of Okawaru.
             Slain by an eight-headed hydra (5 damage)
             ... on level 7 of the Dungeon.
             The game lasted 00:13:04 (6445 turns).

bande the Cleaver (Gargoyle Fighter)                Turns: 6445, Time: 00:13:04

Health: -2/55      AC: 26    Str: 19    XL:     9   Next: 89%
Magic:  11/13      EV:  8    Int: 12    God:    Okawaru [****..]
Gold:   413        SH:  6    Dex: 13    Spells: 8/8 levels left

rFire   + . .      SeeInvis .   w - +0 flail
rCold   + . .      Faith    .   c - +0 buckler
rNeg    + . .      Spirit   .   q - +0 plate armour
rPois   ∞          Reflect  .   (no helmet)
rElec   +          Harm     .   (no cloak)
rCorr   .          Rampage  .   (no gloves)
Will    +....                   l - +1 pair of boots
Stlth   ..........              h - amulet of regeneration
HPRegen 0.98/turn               g - ring of willpower
MPRegen 0.13/turn               i - ring of protection from fire

@: heroic
A: sickness immunity, AC +6, negative energy resistance 1, electricity
resistance, torment resistance 1, petrification resistance, iridescent scales 1,
clever 1, cold resistance 1, MP-powered wands
a: Renounce Religion, Heroism, Finesse


You were on level 7 of the Dungeon.
You worshipped Okawaru.
Okawaru was greatly pleased with you.
You visited 1 branch of the dungeon, and saw 8 of its levels.

You collected 413 gold pieces.

Inventory:

Hand Weapons
 a - a +1 war axe of draining
 v - a +0 war axe
 w - a +0 flail (weapon)
Missiles
 t - a throwing net (quivered)
Armour
 c - a +0 buckler (worn)
 l - a +1 pair of boots (worn)
 q - a +0 plate armour (worn)
Jewellery
 b - a +6 ring of intelligence
 g - a ring of willpower (left hand)
 h - an amulet of regeneration (around neck)
 i - a ring of protection from fire (right hand)
 j - a ring of wizardry
 m - a ring of ice
 u - a +4 ring of evasion
 y - a +6 ring of strength
Wands
 e - a wand of acid (9)
Scrolls
 n - a scroll of teleportation
 o - a scroll of identify
 s - a scroll of blinking
 x - a scroll of brand weapon
Potions
 d - 3 potions of might
 f - a potion of heal wounds
 k - 3 potions of curing
 p - 2 potions of brilliance
 r - a potion of cancellation
 z - a potion of flight {unknown}
 A - a potion of haste


   Skills:
 + Level 6.2(11.2) Fighting
 + Level 8.4(13.4) Axes
 + Level 6.8(11.8) Armour
 + Level 5.5(10.5) Shields
 * Level 5.9 Invocations


You had 8 spell levels left.
You didn't know any spells.
Your spell library contained the following spells:

 Spells                   Type           Power      Damage    Failure   Level
 Gell's Gravitas          Tloc           0%         N/A       100%        3
 Teleport Other           Tloc           0%         N/A       100%        3
 Dispersal                Tloc           0%         N/A       100%        6


Dungeon Overview and Level Annotations

Branches:
Dungeon (8/15)             Temple (0/1) D:7
   Lair: D:8-11

Altars:
Hepliaklqana
Nemelex Xobeh
Okawaru
Qazlal
Ru
Vehumet
Xom

Shops:
D:4 =


Innate Abilities, Weirdness & Mutations

You are immune to sickness and miasma.
Your stone body is resilient. (AC +6)
You are immune to poison.
You resist negative energy. (rN+)
You are resistant to electric shocks. (rElec)
You are resistant to unholy torment.
You are immune to petrification.
You are partially covered in iridescent scales. (AC +2)
Your mind is acute. (Int +2)
Your flesh is cold resistant. (rC+)
You expend magic power (3 MP) to strengthen your wands.


Message History

The eight-headed hydra bites you but does no damage. x4
Unknown command.
You barely miss the eight-headed hydra.
The eight-headed hydra is lightly wounded.
The eight-headed hydra bites you.
You block the eight-headed hydra's attack.
The eight-headed hydra bites you.
The eight-headed hydra bites you but does no damage.
The eight-headed hydra barely misses you.
The eight-headed hydra bites you.
The eight-headed hydra bites you but does no damage.
The eight-headed hydra bites you.
You hit the eight-headed hydra.
The eight-headed hydra is moderately wounded.
The eight-headed hydra barely misses you.
The eight-headed hydra bites you but does no damage.
You block the eight-headed hydra's attack.
The eight-headed hydra barely misses you.
The eight-headed hydra bites you but does no damage.
The eight-headed hydra barely misses you.
The eight-headed hydra bites you but does no damage.
The eight-headed hydra completely misses you.
You hit the eight-headed hydra.
The eight-headed hydra is moderately wounded.
The eight-headed hydra barely misses you.
You block the eight-headed hydra's attack.
The eight-headed hydra bites you but does no damage.
The eight-headed hydra barely misses you.
The eight-headed hydra bites you. The eight-headed hydra bites you!
* * * LOW HITPOINT WARNING * * *
The eight-headed hydra bites you but does no damage.
The eight-headed hydra bites you!
* * * LOW HITPOINT WARNING * * *
You barely miss the eight-headed hydra.
The eight-headed hydra is moderately wounded.
Unknown command.
You hit the eight-headed hydra.
The eight-headed hydra is moderately wounded.
The eight-headed hydra bites you.
You die...

.## #..##*,,**,,###.# ##..####
..## #...#,**,,**,,#.###...#
...## #...#,**,,**,,#......## #
....## #..<#,********##.....## #
.#...###...#,****,,,,*#..#...# ##
.##...##...#*,,,,****,#..##..###.
.###.....######### *,##..#...#..
.###...###....'..# *,*#...#.....
.....### #.88.#.@#***,*##........
...### #.88.###D...#* ##.......
...# #....######## ###.......
..## ####'#.....####....###'#
..)## #........#.........#....
....### ##..#....####.......#.8.8
.###..###....##..#####......'.._.
## ##.........#.............#.8.8
# ##..##..................#....


You could see an eight-headed hydra.

Vanquished Creatures
  The ghost of garrulousMonolith the Firebug, a novice DrFE of Gozag (D:6)
  The ghost of spaghetti the Conjurer, a novice OpCj of Makhleb (D:6)
  Menkaure (D:5)
  A water moccasin (D:6)
  2 sky beasts (D:6)
  4 black bears
  An ogre (D:7)
  A centaur (D:6)
  3 bullfrogs
  2 necrophages
  A scorpion (D:6)
  8 howler monkeys
  A jelly (D:6)
  6 hounds
  2 orc priests
  A gnoll shaman (D:6)
  Natasha (thrice) (D:2)
  4 iguanas
  4 orc wizards
  11 gnolls
  4 adders
  2 white imps
  An ufetubus (D:4)
  A worm (D:4)
  2 dart slugs
  18 orcs
  9 ball pythons
  8 endoplasms
  2 giant cockroaches
  8 hobgoblins
  4 quokkas
  4 bats
  4 frilled lizards
  5 goblins
  6 kobolds
  2 rats
138 creatures vanquished.

Vanquished Creatures (others)
  A sky beast (D:4)
  38 plants (D:4)
39 creatures vanquished.

Grand Total: 177 creatures vanquished

Notes
Turn   | Place    | Note
-------+----------+-------------------------------------------
     0 | D:1      | bande the Gargoyle Fighter began the quest for the Orb.
     0 | D:1      | Reached XP level 1. HP: 14/14 MP: 1/1
   701 | D:1      | Reached XP level 2. HP: 13/19 MP: 2/2
   868 | D:1      | Found a faded altar of an unknown god.
  1462 | D:2      | Reached skill level 2 in Axes
  1597 | D:2      | Noticed Natasha
  1608 | D:2      | Noticed a crimson imp
  1614 | D:2      | Killed Natasha
  1615 | D:2      | Reached XP level 3. HP: 19/23 MP: 3/3
  1910 | D:2      | Reached XP level 4. HP: 29/29 MP: 4/4
  2157 | D:2      | Noticed Natasha
  2162 | D:2      | Killed Natasha
  2197 | D:2      | Noticed Natasha
  2204 | D:2      | Killed Natasha
  2205 | D:2      | Reached skill level 3 in Axes
  2217 | D:2      | Reached XP level 5. HP: 32/33 MP: 5/5
  2409 | D:3      | Found an iron altar of Okawaru.
  2419 | D:3      | Found a hazy altar of Hepliaklqana.
  2442 | D:3      | Became a worshipper of Warmaster Okawaru
  2804 | D:3      | Gained mutation: Armour fits poorly on your strangely
                  | shaped body. [potion of mutation]
  2804 | D:3      | Gained mutation: You have hidden genetic potential. [potion
                  | of mutation]
  2804 | D:3      | Gained mutation: Your mind is acute. (Int +2) [potion of
                  | mutation]
  2805 | D:3      | Lost mutation: You have hidden genetic potential. [potion
                  | of mutation]
  2805 | D:3      | Lost mutation: Armour fits poorly on your strangely shaped
                  | body. [potion of mutation]
  2805 | D:3      | Gained mutation: You are partially covered in iridescent
                  | scales. (AC +2) [potion of mutation]
  2805 | D:3      | Gained mutation: You expend magic power (3 MP) to
                  | strengthen your wands. [potion of mutation]
  2805 | D:3      | Gained mutation: Your flesh is cold resistant. (rC+)
                  | [potion of mutation]
  3058 | D:4      | Found a sacrificial altar of Ru.
  3059 | D:4      | Noticed a sky beast
  3070 | D:4      | Killed a sky beast
  3071 | D:4      | Reached skill level 4 in Axes
  3071 | D:4      | Reached skill level 1 in Invocations
  3071 | D:4      | Reached XP level 6. HP: 38/38 MP: 6/6
  3200 | D:4      | Found a stormy altar of Qazlal.
  3231 | D:4      | Found a shimmering altar of Xom.
  3281 | D:4      | Found Cauguor's Jewellery Boutique.
  3623 | D:5      | Entered Level 5 of the Dungeon
  3623 | D:5      | You fall into a shaft and drop 3 floors!
  3908 | D:7      | Reached skill level 5 in Armour
  3908 | D:7      | Reached XP level 7. HP: 42/43 MP: 8/8
  3932 | D:7      | Reached skill level 5 in Axes
  3996 | D:7      | Reached * piety under Okawaru
  4098 | D:7      | Found a staircase to the Ecumenical Temple.
  4307 | D:6      | Found a runed translucent gate.
  4307 | D:6      | Found a runed translucent gate.
  4309 | D:6      | Found a runed translucent gate.
  4311 | D:6      | Noticed spaghetti's ghost (novice OpCj)
  4311 | D:6      | Noticed garrulousMonolith's ghost (novice DrFE)
  4335 | D:6      | Reached XP level 8. HP: 48/48 MP: 10/10
  4425 | D:6      | Reached ** piety under Okawaru
  4426 | D:6      | Reached skill level 6 in Axes
  4612 | D:6      | Reached skill level 5 in Fighting
  4813 | D:6      | Reached skill level 5 in Shields
  5028 | D:6      | Killed spaghetti's ghost
  5028 | D:6      | Reached *** piety under Okawaru
  5029 | D:6      | Reached skill level 7 in Axes
  5029 | D:6      | Reached XP level 9. HP: 54/54 MP: 12/12
  5039 | D:6      | Killed garrulousMonolith's ghost
  5040 | D:6      | Reached skill level 5 in Invocations
  5114 | D:5      | Noticed Menkaure
  5122 | D:5      | Killed Menkaure
  5129 | D:5      | Reached **** piety under Okawaru
  5348 | D:5      | Reached skill level 8 in Axes
  5618 | D:5      | Found a radiant altar of Vehumet.
  6114 | D:7      | Found a sparkling altar of Nemelex Xobeh.
  6434 | D:7      | Noticed an eight-headed hydra
  6443 | D:7      | HP: 1/55 [eight-headed hydra (12)]
  6445 | D:7      | Slain by an eight-headed hydra

Illustrated notes

Levels and vault maps discovered:
D:1:      saegor_arrival_fortress, layout_loops_corners, serial_glass,
          glass_columns_b, glass_columns_b, hellmonk_ecumenical_altar_zigzags
D:2:      layout_basic, uniq_natasha
D:3:      layout_loops_ring, mainiacjoe_overflow_catwalk_spiral, corexii_shack
D:4:      layout_loops_ring, nicolae_ru_awakened_eye,
          mainiacjoe_overflow_catch_the_wave, serial_shops,
          nicolae_stop_n_shop_1
D:5:      layout_loops_ring, mainiacjoe_overflow_cross_hatched, uniq_menkaure
D:6:      layout_loops_corners, nicolae_ossuary_entry_ruins,
          gammafunk_ghost_cemetery
D:7:      minmay_chambers_of_fours, layout_layer_cave, kennysheep_little_box,
          minmay_temple_entry_tees, minmay_three_doors, uniq_maggie
D:8:      layout_basic

Skill      XL: |  1  2  3  4  5  6  7  8  9 |
---------------+----------------------------+-----
Axes           | 2 3 4 5 7 8 |  8.4
Armour         | 4 5 6 |  6.8
Invocations    | 1 2 3 4 5 |  5.9
Fighting       | 4 5 6 |  6.2
Shields        | 4 5 |  5.5

Action                   |  1- 3 |  4- 6 |  7- 9 || total
-------------------------+-------+-------+-------++-------
Melee: War axe           |    81 |   128 |   244 ||   453
       Flail             |       |       |     6 ||     6
Invok: Heroism           |       |       |     1 ||     1
  Use: Scroll            |     4 |     8 |     8 ||    20
       Potion            |       |     2 |     1 ||     3
Armor: Scale mail        |    52 |    19 |       ||    71
       Plate armour      |       |    81 |   251 ||   332
Dodge: Dodged            |    38 |    59 |    82 ||   179
Block: Buckler           |    20 |    29 |    71 ||   120

Table legend: (Time is in decaauts)
 A = Elapsed time spent in this place.
 B = Non-inter-level travel time spent in this place.
 C = Inter-level travel time spent in this place.
 D = Time resting spent in this place.
 E = Time spent auto-exploring this place.
 F = Levels seen in this place.
 G = Mean time per level.
                   A        B        C        D        E       F      G
               +--------+--------+--------+--------+--------+-----+--------+
         Total |   6574 |   6465 |    109 |    878 |   4101 |   8 |  821.8 |
       Dungeon |   6574 |   6465 |    109 |    878 |   4101 |   8 |  821.8 |
               +--------+--------+--------+--------+--------+-----+--------+

Top non-repeatable levels by time:
     D:1: 1445 daAuts
     D:6: 975 daAuts
     D:2: 936 daAuts
     D:5: 936 daAuts
     D:4: 705 daAuts
     D:7: 684 daAuts
     D:3: 614 daAuts
     D:8: 276 daAuts
